 Dungeon Crawl Stone Soup version 0.25.0-9-g26727b657a (console) character file.

Game seed: 3428896523182999384

13764 Garrluk the Fencer (level 12, -1/83 HPs)
             Began as a Formicid Fighter on June 18, 2020.
             Was an Elder of Okawaru.
             Killed from afar by a hellion (19 damage)
             ... with damnation
             ... on level 3 of the Abyss.
             The game lasted 01:07:44 (9824 turns).

Garrluk the Fencer (Formicid Fighter)               Turns: 9824, Time: 01:07:45

Health: -1/83      AC: 14    Str: 26    XL:     12   Next: 36%
Magic:  16/16      EV:  8    Int:  8    God:    Okawaru [****..]
Gold:   534        SH:  9    Dex:  5    Spells: 11/11 levels left

rFire    + + .     SeeInvis +   a - +0 scimitar
rCold    + . .     Gourm    .   c - +0 kite shield
rNeg     . . .     Faith    .   V - +6 ring mail "Xarut" {rPois rF+ Regen+ Dex-5}
rPois    +         Spirit   .   (helmet unavailable)
rElec    +         Reflect  .   W - scarf {repulsion}
rCorr    +         Harm     .   C - +0 pair of gloves
MR       ++...                  n - +0 pair of boots
Stlth    ..........             T - amulet of magic regeneration
HPRegen  0.63/turn              X - ring of protection from magic
MPRegen  0.40/turn              P - ring of resist corrosion

@: resistant, repel missiles
A: permanent stasis, dig shafts and tunnels, four strong arms, antennae 3
a: Dig, Shaft Self, Heroism, Renounce Religion


You were on level 3 of the Abyss.
You worshipped Okawaru.
Okawaru was greatly pleased with you.
You were not hungry.

You visited 2 branches of the dungeon, and saw 12 of its levels.
You visited the Abyss 1 time.
You also visited: Sewer.

You collected 624 gold pieces.
You spent 90 gold pieces at shops.

Inventory:

Hand Weapons
 a - a +0 scimitar (weapon)
 b - a +1 short sword of venom
Missiles
 q - 14 poisoned darts
 x - 13 atropa-tipped darts (quivered)
 U - 6 javelins
Armour
 c - a +0 kite shield (worn)
 e - a +1 chain mail of magic resistance
 l - +0 pearl dragon scales
 n - a +0 pair of boots (worn)
 C - a +0 pair of gloves (worn)
 F - the +1 chain mail "Iciac" {rF+}
   (You found it on level 5 of the Dungeon)

   It protects you from fire.
 V - the +6 ring mail "Xarut" (worn) {rPois rF+ Regen+ Dex-5}
   (You found it on level 9 of the Dungeon)

   It affects your dexterity (-5).
   It protects you from fire.
   It protects you from poison.
   It increases your rate of regeneration.
 W - a scarf of repulsion (worn)
Jewellery
 L - an uncursed ring of fire
 P - a ring of resist corrosion (right hand)
 T - an amulet of magic regeneration (around neck)
 X - a ring of protection from magic (left hand)
Wands
 t - a wand of enslavement (9)
 w - a wand of iceblast (16)
 K - a wand of flame (21)
 M - a wand of random effects (13)
Scrolls
 h - 10 scrolls of teleportation
 i - a scroll of identify
 o - 2 scrolls of remove curse
 p - a scroll of fog {unknown}
 r - 2 scrolls of immolation {unknown}
 y - 4 scrolls of noise {unknown}
 B - a scroll of fear {unknown}
 D - 4 scrolls of enchant armour {unknown}
 E - 2 scrolls of enchant weapon {unknown}
 H - a scroll of random uselessness {unknown}
 O - 4 scrolls of amnesia {unknown}
 Q - a scroll of summoning {unknown}
Potions
 d - 3 potions of might
 g - 2 potions of heal wounds {unknown}
 j - 2 potions of magic {unknown}
 k - 2 potions of brilliance {unknown}
 m - a potion of haste
 s - 2 potions of flight
 u - a potion of lignification {unknown}
 v - a potion of berserk rage
 z - a potion of stabbing {unknown}
 A - a potion of curing
 G - a potion of resistance
 I - 2 potions of mutation {unknown}
 J - a potion of degeneration {unknown}
Comestibles
 f - 14 rations


   Skills:
 + Level 4.0 Fighting
 * Level 15.3 Long Blades
 - Level 8.9 Throwing
 - Level 3.2 Armour
 - Level 3.6 Shields
 + Level 5.9 Invocations


You had 11 spell levels left.
You didn't know any spells.
Your spell library was empty.

Dungeon Overview and Level Annotations

Branches:
Dungeon (10/15)            Temple (0/1) D:4            Lair (2/6) D:9
  Sewer (visited)
  Swamp: Lair:2-4    Shoals: Lair:2-4     Snake: Lair:2-4    Spider: Lair:2-4
    Orc: D:9-12

Altars:
Ashenzari
Cheibriados
Dithmenos
Gozag
Hepliaklqana
Nemelex Xobeh
Okawaru
Xom
Zin
The Shining One
Lugonu

Shops:
D:6 =

Annotations:
D:7 2 transporters
D:10 Erolcha
Lair:2 Sonja


Innate Abilities, Weirdness & Mutations

You cannot be hasted, slowed, berserked, paralysed or teleported.
You can dig through walls and to a lower floor.
Your four strong arms can wield two-handed weapons with a shield.
You have a pair of large antennae on your head. (SInv)


Message History

You hear a bellow!
Okay, then.
Unknown command.
Unknown command.
Evoke which item? (* to show all) (? for menu, Esc to quit)
Aiming: Enslavement
Press: ? - help, Shift-Dir - straight line, f - hellion
Aim: a hellion (chance to defeat MR: 15%)
Okay, then.
Unknown command.
Unknown command.
Okay, then.
Unknown command.
Unknown command.
Unknown command.
It was a potion of resistance.
You feel protected. The hellion gestures at you.
The sphere of damnation explodes!
The damnation engulfs you!!
You die...

.##.##. .# #...
....## #.#.. . #..
#... #..# #.....#...#
. ###....#....## #
#### ..#.2..#.... .
#.#..##.#..##.#. ...#
#.##.##.#.###.#{{..
.### .#....#.....#.#
#..###
...x....#..2..##.#.
.##...#@.##[##...#..#
##.....###.#.#.#...
##.##.# . .. ....# #.
### #..#. X# . #...#
. ## .#.#


You could see a hellion and a small abomination.

Vanquished Creatures
  Harold (D:8)
  3 hydras
  A two-headed ogre (D:8)
  A centaur zombie (D:9)
  Psyche (D:8)
  A spiny frog (Lair:1)
  A troll (D:9)
  Prince Ribbit (D:8)
  A hippogriff (D:9)
  A wyvern (D:8)
  8 yaks
  3 hungry ghosts
  A steam dragon (D:8)
  2 water moccasins
  A porcupine (Lair:1)
  An ice beast (D:8)
  2 orc warriors
  4 ogres
  2 sky beasts
  34 wolves
  5 centaurs
  2 crocodiles (Lair:1)
  2 big kobolds
  10 bullfrogs
  A gnoll sergeant (D:9)
  5 scorpions
  2 electric eels (D:9)
  2 crimson imps
  2 howler monkeys
  2 quasits
  7 hounds
  A jelly (D:6)
  3 bullfrog skeletons
  5 orc priests
  Crazy Yiuf (D:7)
  Natasha (thrice) (D:3)
  An iguana (D:3)
  5 orc wizards
  6 worker ants
  2 hound skeletons
  A worker ant zombie (D:5)
  11 gnolls
  A howler monkey skeleton (D:8)
  15 adders
  3 river rats
  2 shadow imps
  An ooze (D:4)
  3 adder skeletons
  4 worms
  3 dart slugs
  3 leopard geckos
  18 orcs
  8 bats
  5 giant cockroaches
  4 hobgoblins
  21 jackals
  16 kobolds
  6 quokkas
  A ball python (D:3)
  8 frilled lizards
  8 goblins
  A quokka skeleton (D:8)
  14 rats
  A fungus (Lair:1)
295 creatures vanquished.

Notes
Turn   | Place    | Note
-------+----------+-------------------------------------------
     0 | D:1      | Garrluk the Formicid Fighter began the quest for the Orb.
     0 | D:1      | Reached XP level 1. HP: 18/18 MP: 1/1
    64 | D:1      | Reached XP level 2. HP: 24/24 MP: 2/2
   255 | D:1      | Reached skill level 3 in Long Blades
   387 | D:1      | Reached XP level 3. HP: 29/29 MP: 3/3
   708 | D:2      | Found a sparkling altar of Nemelex Xobeh.
   828 | D:2      | Reached skill level 4 in Long Blades
   828 | D:2      | Reached XP level 4. HP: 35/35 MP: 4/4
   897 | D:2      | Noticed an ogre
   914 | D:2      | You fall into a shaft and drop 2 floors!
   943 | D:4      | Found an opulent altar of Gozag.
  1006 | D:4      | Reached skill level 5 in Long Blades
  1006 | D:4      | Reached XP level 5. HP: 37/41 MP: 5/5
  1023 | D:4      | Found an iron altar of Okawaru.
  1031 | D:4      | Became a worshipper of Warmaster Okawaru
  1166 | D:3      | Noticed Natasha
  1184 | D:3      | Killed Natasha
  1198 | D:3      | Noticed a bullfrog
  1212 | D:3      | Killed a bullfrog
  1212 | D:3      | Reached skill level 6 in Long Blades
  1212 | D:3      | Reached XP level 6. HP: 28/47 MP: 6/6
  1400 | D:3      | Found a glowing drain.
  1414 | Sewer    | Entered a sewer
  1432 | Sewer    | Reached * piety under Okawaru
  1677 | Sewer    | Reached XP level 7. HP: 52/52 MP: 7/7
  1708 | Sewer    | Found a white marble altar of Elyvilon.
  1776 | D:3      | Reached skill level 1 in Throwing
  2064 | D:2      | Reached skill level 7 in Long Blades
  2157 | D:3      | Found a glowing golden altar of the Shining One.
  2172 | D:3      | Noticed Natasha
  2195 | D:3      | Killed Natasha
  2533 | D:3      | Found Zin's Purification Station.
  2534 | D:3      | Found a glowing silver altar of Zin.
  2571 | D:3      | Noticed Natasha
  2582 | D:3      | Killed Natasha
  2630 | D:3      | Bought a potion of curing for 90 gold pieces
  2734 | D:4      | Found a snail-covered altar of Cheibriados.
  2750 | D:4      | Reached XP level 8. HP: 58/58 MP: 8/8
  2866 | D:4      | Reached ** piety under Okawaru
  2866 | D:4      | Reached skill level 8 in Long Blades
  2908 | D:4      | Found a staircase to the Ecumenical Temple.
  3274 | D:5      | Entered Level 5 of the Dungeon
  3998 | D:5      | Got a twisted chain mail
  3999 | D:5      | Identified the +1 chain mail "Iciac" {rF+} (You found it on
                  | level 5 of the Dungeon)
  4077 | D:6      | Reached skill level 9 in Long Blades
  4251 | D:6      | Found a shadowy altar of Dithmenos.
  4400 | D:6      | Reached XP level 9. HP: 64/64 MP: 9/9
  4432 | D:6      | Found an ancient bone altar of Kikubaaqudgha.
  4434 | D:6      | Found a shimmering altar of Xom.
  4434 | D:6      | Found a shattered altar of Ashenzari.
  4470 | D:6      | Found an opulent altar of Gozag.
  4470 | D:6      | Found a stormy altar of Qazlal.
  4470 | D:6      | Found a hazy altar of Hepliaklqana.
  4560 | D:6      | Reached skill level 5 in Throwing
  4621 | D:6      | Found Ezawerech's Jewellery Emporium.
  4736 | D:7      | Found a runed translucent door.
  4737 | D:7      | Noticed Crazy Yiuf
  4743 | D:7      | Killed Crazy Yiuf
  4743 | D:7      | Reached skill level 10 in Long Blades
  4755 | D:7      | Got a warped mace
  4756 | D:7      | Identified the +1 mace of Day {venom, +Blink Dex+3 Stlth+}
                  | (You found it on level 7 of the Dungeon)
  4848 | D:7      | Reached *** piety under Okawaru
  4914 | D:7      | Found a transporter.
  4956 | D:7      | Noticed a brown ugly thing
  4959 | D:7      | Found a corrupted altar of Lugonu.
  4959 | D:7      | Found a transporter.
  4959 | D:7      | Noticed a purple ugly thing
  4963 | D:7      | Noticed a white ugly thing
  5404 | D:8      | Noticed Harold
  5431 | D:8      | Killed Harold
  5431 | D:8      | Reached **** piety under Okawaru
  5431 | D:8      | Received a gift from Okawaru
  5431 | D:8      | Reached skill level 11 in Long Blades
  5431 | D:8      | Reached XP level 10. HP: 37/70 MP: 10/10
  5466 | D:7      | HP: 3/70 [orc warrior/+0 war axe (15)]
  5785 | D:8      | Found a shattered altar of Ashenzari.
  5965 | D:8      | Found a sparkling altar of Nemelex Xobeh.
  5969 | D:8      | Noticed Prince Ribbit
  6018 | D:8      | Killed Prince Ribbit
  6086 | D:8      | Reached skill level 12 in Long Blades
  6264 | D:8      | Noticed a two-headed ogre
  6292 | D:8      | Killed a two-headed ogre
  6834 | D:8      | Noticed Psyche
  6854 | D:8      | Killed Psyche
  7141 | D:9      | Reached XP level 11. HP: 71/75 MP: 11/11
  7176 | D:9      | Reached skill level 13 in Long Blades
  7279 | D:9      | Found a staircase to the Lair.
  7392 | D:9      | Reached ***** piety under Okawaru
  7832 | D:9      | Received a gift from Okawaru
  8013 | D:9      | Got a dazzling ring mail
  8014 | D:9      | Identified the +6 ring mail "Xarut" {rPois rF+ Regen+
                  | Dex-5} (You found it on level 9 of the Dungeon)
  8155 | D:10     | Entered Level 10 of the Dungeon
  8157 | D:10     | Noticed Erolcha
  8172 | D:9      | Reached skill level 14 in Long Blades
  8267 | Lair:1   | Entered Level 1 of the Lair of Beasts
  8314 | Lair:1   | Received a gift from Okawaru
  8314 | Lair:1   | Reached skill level 1 in Invocations
  8530 | Lair:1   | Noticed a four-headed hydra
  8536 | Lair:1   | Killed a four-headed hydra
  8745 | Lair:1   | Reached XP level 12. HP: 47/81 MP: 15/15
  8852 | Lair:1   | Noticed an eight-headed hydra
  8865 | Lair:1   | Killed an eight-headed hydra
  8865 | Lair:1   | Reached skill level 15 in Long Blades
  9029 | Lair:1   | Reached skill level 5 in Invocations
  9495 | Lair:2   | Noticed a seven-headed hydra
  9507 | Lair:2   | Killed an eight-headed hydra
  9594 | Lair:2   | Noticed Sonja
  9618 | Lair:2   | Cast into level 1 of the Abyss (Sonja)
  9705 | Abyss:3  | Found a corrupted altar of Lugonu.
  9725 | Abyss:3  | Found a burning altar of Makhleb.
  9803 | Abyss:3  | Got a shimmering dagger
  9804 | Abyss:3  | Identified the +10 dagger "Askuich" {drain, rF- Int+7} (You
                  | found it on level 3 of the Abyss)
  9824 | Abyss:3  | Killed from afar by a hellion

Illustrated notes

Levels and vault maps discovered:
D:1:      dpeg_arrival_tiny_k, layout_loops_ring, serial_forest,
          infiniplex_forest_zigzag_1, infiniplex_forest_join,
          infiniplex_forest_straight_4, infiniplex_forest_straight_2,
          infiniplex_forest_lined_room_3, infiniplex_forest_lined_4_way,
          infiniplex_forest_clump_small
D:2:      layout_basic, nemelex_xobeh_ov_fountains_minmay
D:3:      layout_rooms, zin_purify, tso_metal_star, gup_sewer_entry_bubbles,
          first_ration, minmay_diced_spiral, uniq_natasha
D:4:      layout_loops_corners, okawaru_gym_becter,
          nicolae_overflow_crystal_walls, minmay_temple_entry_trees,
          grunt_gozag_breadcrumbs
D:5:      layout_basic
D:6:      layout_cave_pools, kennysheep_little_box, doesnt_xom_only_xom,
          serial_shops, nicolae_shop_crystal
D:7:      gammafunk_corrupted_shrine, layout_basic, uniq_crazy_yiuf_cottage
D:8:      layout_basic, overflow_temple_1_default, lemuel_tele_altar,
          uniq_prince_ribbit1, uniq_psyche, uniq_harold
D:9:      layout_layer_cave, erik_lair_island
D:10:     cheibrodos_iron_armory, layout_loops_ring, uniq_erolcha
Lair:1:   wander_river, layout_cave_shapes, st_stairs_10,
          grunt_forest_large_clearings
Lair:2:   layout_chaotic_city, forest_entry_grove, lemuel_fruit_fields,
          uniq_sonja
Abyss:3:  base: D:8, base: D:5, base: Temple,
          hangedman_abyss_rune_flesh_and_stone, evilmike_abyss_exit_5

Skill      XL: |  1  2  3  4  5  6  7  8  9 10 11 12 |
---------------+-------------------------------------+-----
Long Blades    | 3 4 5 6 7 9 11 12 14 15 | 15.3
Throwing       | 2 4 6 8 |  8.9
Invocations    | 4 5 |  5.9
Fighting       | 4 |  4.0
Armour         | |  3.2
Shields        | |  3.6

Action                   |  1- 3 |  4- 6 |  7- 9 | 10-12 || total
-------------------------+-------+-------+-------+-------++-------
Melee: Long sword        |   101 |   173 |   171 |       ||   445
       Short sword       |       |       |   312 |   470 ||   782
       Scimitar          |       |       |       |   266 ||   266
Throw: Dart              |       |    32 |    40 |    73 ||   145
       Throwing net      |       |       |     2 |       ||     2
       Javelin           |       |       |       |    17 ||    17
Invok: Heroism           |       |       |     1 |    16 ||    17
       Finesse           |       |       |       |     1 ||     1
 Abil: Dig               |    35 |     6 |    80 |    49 ||   170
       Shaft Self        |       |     1 |       |       ||     1
Evoke: Wand              |       |       |       |     7 ||     7
  Use: Potion            |       |       |     1 |     3 ||     4
       Scroll            |       |       |     5 |     7 ||    12
 Stab: Invisible         |       |       |     1 |     1 ||     2
       Held in net/web   |       |       |     1 |       ||     1
  Eat: Chunk             |     3 |     4 |    17 |    17 ||    41
       Ration            |       |       |     2 |     2 ||     4
Armor: Scale mail        |    12 |       |       |       ||    12
       Chain mail        |    12 |       |       |       ||    12
       Pearl dragon scal |    12 |    85 |   180 |   129 ||   406
       Ring mail         |       |       |       |   115 ||   115
Dodge: Dodged            |    21 |    58 |    94 |   159 ||   332
       Repelled          |       |       |       |     1 ||     1
Block: Kite shield       |    40 |    97 |   188 |   279 ||   604
       Rpst.: Long sword |     4 |    19 |     9 |       ||    32
       Scimitar          |       |       |       |    20 ||    20
